[Event "Serbian League 2024"]
[Site "Bajina Basta"]
[Date "2024.09.30"]
[Round "4.9"]
[White "Stankovic, Milos"]
[Black "Milanovic, Danilo"]
[Result "1-0"]
[ECO "B01"]
[WhiteElo "2466"]
[BlackElo "2442"]
[Annotator "TA"]
[PlyCount "81"]
[EventDate "2024.09.26"]
[EventType "team-tourn"]
[EventCountry "SRB"]
[SourceTitle "playchess.com"]
[Source "ChessBase"]
[SourceQuality "1"]
[TimeControl "40/5400+30:1800+30"]

1. e4 d5 2. exd5 Qxd5 3. Nc3 Qd6 4. d4 Nf6 5. Nf3 Nc6 6. Nb5 Qd8 {[%emt 0:00:37] [#]} 7. d5 $1 Nb4 (7... Qxd5 $2 8. Nxc7+ Kd8 9. Nxd5 $18) (7... Nxd5 $2 8. Qxd5 e6 9. Qxd8+ Kxd8 10. Bf4 Bb4+ 11. c3 $18) 8. c4 {[%emt 0:00:33] White is slightly better.} Na6 9. Bd3 e6 10. O-O exd5 11. Re1+ Be7 12. Qe2 $36 {[%emt 0:04:11][%mdl 2048] aiming for Bg5. White is more active.} Nc5 (12... c6 $11 {remains equal.}) 13. Bf4 $16 {White is much more active.} O-O 14. Nxc7 ({Inferior is} 14. Qxe7 Nxd3 15. Nxc7 Nxe1 16. Qxe1 Bg4 17. Nxa8 Qxa8 $11) ({Better is} 14. Bxc7 $18 Qd7 15. Ne5) 14... Ne6 15. Nxa8 Nxf4 16. Bxh7+ (16. Qxe7 Nxd3 17. Qxd8 Rxd8 $14) 16... Kxh7 17. Qxe7 Qxe7 18. Rxe7 dxc4 19. Nc7 Ng6 20. Ree1 Bd7 21. Rad1 Bc6 22. Nd4 Be4 23. Ncb5 Nf4 24. f3 (24. Nxa7 $6 Bxg2 25. Nab5 Ra8 $16) 24... Bd3 25. g3 N4d5 26. Nd6 ({Resist} 26. Nxa7 Ra8) 26... a6 27. a4 b6 28. Nc6 {Inhibits Nb4.} Bc2 29. Rd4 Bb3 30. Nxc4 Bxa4 31. Ne7 Nxe7 32. Rxe7 b5 33. Ne5 Bb3 34. Ra7 Rc8 35. Rxa6 (35. Nxf7 Rc1+ 36. Kg2 Bxf7 37. Rxf7 Kg6 $18) 35... Rc1+ 36. Kg2 {[#] Intending Rh4+ and mate.} Rc2+ 37. Kg1 Rc1+ 38. Kg2 {White wants to mate with Rh4+.} Rc2+ 39. Kh3 {Rh4+ would kill now.} Be6+ 40. g4 Rxb2 41. Ra7 {Weighted Error Value: White=0.30/Black=0.19 (very precise) .  Mistake:       	White=1     	Black=1      Inaccurate:     	---       	Black=1      OK:         	White=18    	Black=18     Best:        	White=2     	Black=5} 1-0

[Event "Serbian League 2024"]
[Site "Bajina Basta"]
[Date "2024.09.30"]
[Round "4.10"]
[White "Pavlovic, Goran"]
[Black "Tadic, Stefan"]
[Result "1/2-1/2"]
[ECO "D18"]
[WhiteElo "2337"]
[BlackElo "2440"]
[Annotator "TA"]
[PlyCount "50"]
[EventDate "2024.09.26"]
[EventType "team-tourn"]
[EventCountry "SRB"]
[SourceTitle "playchess.com"]
[Source "ChessBase"]
[SourceQuality "1"]
[TimeControl "40/5400+30:1800+30"]

1. d4 d5 2. Nf3 Nf6 3. c4 c6 4. Nc3 dxc4 5. a4 Bf5 6. e3 e6 7. Bxc4 Bb4 8. O-O O-O 9. h3 h6 10. Qe2 Bh7 11. Ne5 Nbd7 12. Rd1 Nxe5 13. dxe5 Nd7 14. f4 Qe7 15. Na2 {[%emt 0:00:26] [#] Strongly threatening Nxb4.} Nb6 16. Nxb4 Qxb4 17. b3 {[%emt 0:00:43] Ba3 would now be deadly.} Rfd8 18. Ba3 $36 {[%emt 0:05:07][%mdl 2048] White fights for an advantage.} Rxd1+ 19. Qxd1 Qc3 20. Qd4 Qxd4 21. exd4 Be4 22. a5 Nd5 23. Re1 Bc2 24. Rc1 Be4 25. Re1 Bc2 {[%emt 0:00:08] Weighted Error Value: White=0.05 (flawless) /Black=0.05 (flawless) .  Inaccurate:     	White=1     	Black=1      OK:         	White=4     	Black=8      Best:        	---       	Black=1} 1/2-1/2

[Event "Serbian League 2024"]
[Site "Bajina Basta"]
[Date "2024.09.30"]
[Round "4.11"]
[White "Ratkovic, Milovan"]
[Black "Stankovic, Boris"]
[Result "1-0"]
[ECO "E71"]
[WhiteElo "2429"]
[BlackElo "2290"]
[Annotator "TA"]
[PlyCount "45"]
[EventDate "2024.09.26"]
[EventType "team-tourn"]
[EventCountry "SRB"]
[SourceTitle "playchess.com"]
[Source "ChessBase"]
[SourceQuality "1"]
[TimeControl "40/5400+30:1800+30"]

1. d4 Nf6 2. c4 g6 3. Nc3 Bg7 4. e4 d6 5. h3 O-O 6. Bg5 c5 7. d5 e6 8. Bd3 h6 9. Be3 exd5 10. exd5 Nfd7 {E71: Konings-Indisch: 4 e4 d6 5 h3. is hier passender.} (10... Na6 $14) 11. Nf3 $16 {Wit is actiever. OK} Ne5 $146 {is een betere verdediging. Fout (0.5)} (11... f5 $16) ({Predecessor:} 11... Na6 12. Qd2 Nb4 13. Bb1 Re8 14. O-O Kh7 15. a3 Na6 16. Bc2 f5 17. Ba4 Re7 18. Rfe1 {1-0 Movsesian,S (2649)-Sikorova,O (2205) Pardubice Test 2020 (1.1)}) 12. Nxe5 $18 {Beste (Gemakkelijk)} Bxe5 {Wit staat duidelijk beter.} {Wit zou moeten spelen} 13. Bxh6 {Fout (0.6)} (13. Qd2 $18) 13... Re8 $16 {OK} 14. Kf1 {Hoopt vervolgens op Qd2. OK} Qf6 {gaat door met vechten. Fout (0.8)} (14... Qh4 $16 15. Qd2 Bxc3 16. bxc3 Nd7) 15. h4 Bd4 {was een poging waard. Fout (0.8)} (15... Bxc3 16. bxc3 Nd7) 16. Qc2 $18 {[#] Dreigt te winnen met Ne4. OK} (16. Ne4 $2 Rxe4 17. Qd2 Rxh4 18. Rxh4 Qxh4 $19) 16... Bf5 17. Bxf5 {OK} gxf5 {Geeft de voorkeur aan. Fout (1.4)} (17... Bxc3 18. Bxg6 (18. Qxc3 Qxc3 19. bxc3 gxf5 $18) 18... Qxg6 19. Qxg6+ (19. Qxc3 Qxh6 20. Qf3 Kf8 $17) 19... fxg6) 18. Bg5 {OK} Qe5 19. Rh3 {Sterke dreiging met Rg3. OK. Wit is duidelijk aan het winnen.} Nd7 20. Rg3 {OK} Kh8 {OK} 21. Qd1 {[#] Dreigt mat met Qh5+.} Nf8 22. Bh6 {OK} Qe7 {[%emt 0:00:00] Onnauwkeurig} 23. Bxf8 {Blunder waarde: Wit=0.10 (erg precies) /Zwart=0.80. Beste.  Fout:        	Wit=1      	Zwart=4      Onnauwkeurig:    	---       	Zwart=1      OK:         	Wit=8      	Zwart=2      Beste:        	Wit=2      	---} 1-0

[Event "Serbian League 2024"]
[Site "Bajina Basta"]
[Date "2024.09.30"]
[Round "4.12"]
[White "Petrovic, Aleksa"]
[Black "Tadic, Branko"]
[Result "1/2-1/2"]
[ECO "B50"]
[WhiteElo "2250"]
[BlackElo "2424"]
[Annotator "TA"]
[PlyCount "110"]
[EventDate "2024.09.26"]
[EventType "team-tourn"]
[EventCountry "SRB"]
[SourceTitle "playchess.com"]
[Source "ChessBase"]
[SourceQuality "1"]
[TimeControl "40/5400+30:1800+30"]

1. e4 c5 2. Nf3 d6 3. Be2 Nf6 4. d3 Nc6 5. O-O g6 6. Re1 Bg7 7. Bf1 O-O 8. c3 e5 9. Nbd2 h6 10. a3 a5 11. a4 Rb8 12. Nc4 Be6 13. d4 cxd4 14. cxd4 exd4 15. Bf4 Bxc4 16. Bxc4 Nh5 17. Bd2 Ne5 18. Bb5 {[%emt 0:04:03] Ein starkes Läuferpaar.} Qb6 19. Ra3 Rbc8 20. Rb3 Qa7 {[#]} 21. g4 Nxg4 (21... Nf6 {vereinfacht} 22. h3 Nc6 23. Bc4 Nd7) 22. Bd7 Ne5 23. Bxc8 Rxc8 24. Nh4 Nc4 (24... Nf6 $15) 25. Bc1 (25. Nf5 $11 Kh7 (25... gxf5 26. Bxh6 Bxh6 27. Qxh5 $16) 26. Bc1) 25... Rc5 (25... Nf6 $15) 26. Kh1 (26. Nf5 $11 {scheint genauer.}) 26... Qa6 27. Nf3 Nb6 28. Qd3 {Qxa6 wäre nun fies.} (28. Nxd4 {sieht schärfer aus.} Rxc1 29. Qxc1 Bxd4 30. Qc7) 28... Qxd3 29. Rxd3 Nxa4 {[%emt 0:00:00] Und ...Rc4 würde nun gewinnen.} 30. Nxd4 b5 31. Nb3 Rc2 {[%emt 0:00:00] Die Stellung ist ausgeglichen.} 32. Rd2 (32. Nxa5 Bxb2 33. Nb3 (33. Bxh6 $2 Bc3 $19) 33... Nc5 (33... Rxf2 34. Rxd6 Bc3 35. Rg1 $11) 34. Nxc5 Bxc1 $15 (34... dxc5 35. Bxh6 b4 36. Rb1 $11)) 32... Rxd2 33. Bxd2 Nxb2 34. Bxa5 Nd3 {[%emt 0:00:00][%csl LRe1,LRf2] Gegen Rc1 gerichtet.} 35. Re2 Nhf4 36. Rd2 Nc5 37. Nxc5 dxc5 $11 {[%emt 0:00:00][%mdl 4096] Endspiel. KRB-KBN} 38. Rd8+ Kh7 39. Rd7 Kg8 40. Rd8+ Kh7 41. Rd7 b4 42. Rxf7 Nd3 43. Kg2 g5 44. Rb7 Kg6 45. Rb6+ Kh5 46. Kf1 Bd4 {[%emt 0:00:30][%cal Oc5c4] Weiss sollte ...c4! verhindern.} 47. Rb5 Kg4 {[%emt 0:00:30][%cal Og4f3] Droht stark ...Kf3!} (47... Bxf2 48. Ke2 c4 49. Bxb4 $14) (47... Nxf2 {vereinfacht} 48. Bxb4 Nxe4 49. Be1 Kg4) 48. Bb6 $1 Kf3 {[%emt 0:00:30] [#]} (48... Bxf2 $2 {ist das falsche Schlagen.} 49. Ke2 c4 50. Bxf2 $18) (48... Nxf2 49. Bxc5 Bxc5 50. Rxc5 Nxe4 51. Rb5 $18) 49. e5 Bxe5 {[%emt 0:00:30] Droht ...c4 und aus.} 50. Bxc5 Bxh2 51. Bxb4 Nxf2 52. Bf8 {Schwarz muss nun Rb3+ beachten.} Ng4 {[%emt 0:00:30] [#]} 53. Bxh6 $1 Nxh6 54. Rxg5 Ng4 55. Rxg4 Kxg4 {[%emt 0:00:30] Gewichteter Fehlerwert: Weiß=0.11 (sehr präzise) /Schwarz=0.10 (sehr präzise) .  Fehler:       	Weiß=3     	Schwarz=2     Ungenau:       	Weiß=2     	Schwarz=4     OK:         	Weiß=17    	Schwarz=17    Bester:       	Weiß=3     	Schwarz=3     Stark:        	Weiß=1     	---        Brilliant:      	Weiß=1     	---} 1/2-1/2

[Event "Serbian League 2024"]
[Site "Bajina Basta"]
[Date "2024.09.30"]
[Round "4.13"]
[White "Ivic, Velimir"]
[Black "Andreikin, Dmitry"]
[Result "1/2-1/2"]
[ECO "B15"]
[WhiteElo "2599"]
[BlackElo "2729"]
[Annotator "TA"]
[PlyCount "81"]
[EventDate "2024.09.26"]
[EventType "team-tourn"]
[EventCountry "SRB"]
[SourceTitle "playchess.com"]
[Source "ChessBase"]
[SourceQuality "1"]
[TimeControl "40/5400+30:1800+30"]

1. e4 c6 2. d4 d5 3. Nd2 dxe4 4. Nxe4 Nf6 5. Nxf6+ exf6 6. Be3 Bd6 7. Bd3 Na6 8. a3 {[%emt 0:01:56] Prevents Nb4.} O-O 9. Ne2 Bf5 10. O-O Qd7 11. c4 Rfe8 12. Bxf5 Qxf5 13. Ng3 Bxg3 14. hxg3 ({Much worse is} 14. fxg3 Qe6 15. Re1 Qxc4 $17) 14... Nc7 15. Qb3 b5 16. cxb5 Qxb5 17. Qxb5 cxb5 18. Rac1 Nd5 19. Rfe1 Red8 20. Rc5 a6 21. g4 Rd6 22. Rec1 Kf8 23. Kf1 Re8 24. Rc8 Ke7 25. Ke2 Rxc8 26. Rxc8 $14 {[%emt 0:00:06][%mdl 4096] Endgame. KRB-KRN} Rd8 {[%emt 0:00:05] Inhibits Ra8.} 27. Rc6 Rd6 28. Rc8 Rd8 {[%emt 0:00:12] Prevents Ra8.} 29. Rc6 Rd6 30. Rc5 Kd7 31. Kd3 Ne7 32. Bf4 Rc6 33. b4 g6 {[%emt 0:11:55] The position is equal.} 34. f3 Rxc5 35. dxc5 $11 {[%emt 0:00:27] KB-KN} Ke6 36. Bd2 f5 37. Ke3 fxg4 38. fxg4 Nc6 39. Ke4 Ne5 40. g5 Nc6 41. Bc3 {[%emt 0:07:48] Weighted Error Value: White=0.07 (flawless) /Black=0.05 (flawless) .  Inaccurate:     	White=3     	Black=2      OK:         	White=15    	Black=18} 1/2-1/2

[Event "Serbian League 2024"]
[Site "Bajina Basta"]
[Date "2024.09.30"]
[Round "4.14"]
[White "Matlakov, Maxim"]
[Black "Djukic, Nikola"]
[Result "1-0"]
[ECO "B52"]
[WhiteElo "2636"]
[BlackElo "2515"]
[Annotator "TA"]
[PlyCount "71"]
[EventDate "2024.09.26"]
[EventType "team-tourn"]
[EventCountry "SRB"]
[SourceTitle "playchess.com"]
[Source "ChessBase"]
[SourceQuality "1"]
[TimeControl "40/5400+30:1800+30"]

1. e4 c5 2. Nf3 d6 3. Bb5+ Bd7 4. c4 Nf6 5. Nc3 g6 6. d4 cxd4 7. Qxd4 a6 8. Bxd7+ {[%emt 0:01:02] The position is equal.} Nbxd7 9. O-O Bg7 10. Qd3 O-O 11. Qe2 Rc8 12. Bd2 Ng4 13. Rac1 Nge5 14. Nxe5 Nxe5 15. b3 e6 16. Rfd1 Qe7 17. Be3 f5 18. Qd2 Rc6 19. h3 fxe4 {[%emt 0:10:22] White now steadily converts the win.} ({Black should play} 19... Qf6 $14) 20. Nxe4 $16 Nf7 21. Bd4 Bh6 {[%emt 0:06:45] [#]} 22. Qe2 {[%emt 0:03:18] Hoping for Nf6+. White is much more active.} e5 (22... Ng5 23. Be3) 23. Be3 Bxe3 24. Qxe3 Kg7 (24... b5 $16 25. cxb5 Rxc1 26. Qxc1 axb5) 25. Rd5 $18 Nh6 26. Qd2 Nf5 27. c5 Qe6 (27... Nd4 {was worth a try.} 28. Rxd6 (28. cxd6 Rxc1+ 29. Qxc1 Qxd6 $16) 28... Rc7) 28. Re1 ({Not} 28. Nxd6 Nd4 29. Rxd4 exd4 $16) 28... Nd4 29. Rxd6 Rxd6 30. Nxd6 {[%emt 0:03:34][%cal Od2d4,Be4d6,Bd6b7,Bb7c5][%mdl 32] [#] Black must now prevent Qxd4!} Qd5 31. Qe3 {[%emt 0:01:52] Repels Nf3+} Qxc5 32. Nxb7 Qb6 33. Qxe5+ Kh6 $2 (33... Qf6 {is tougher.} 34. Nc5 Qxe5 35. Rxe5 Rc8) 34. Nc5 Nc2 (34... Qf6) 35. Re4 Rf5 36. Rh4+ {[%emt 0:00:18] Weighted Error Value: White=0.19 (very precise) /Black=0.53.  Mistake:       	---       	Black=5      Inaccurate:     	White=1     	Black=2      OK:         	White=18    	Black=7      Best:        	---       	Black=1} 1-0

[Event "Serbian League 2024"]
[Site "Bajina Basta"]
[Date "2024.09.30"]
[Round "4.15"]
[White "Nenezic, Marko"]
[Black "Stojanovic, Mihajlo"]
[Result "1/2-1/2"]
[ECO "E04"]
[WhiteElo "2492"]
[BlackElo "2424"]
[Annotator "TA"]
[PlyCount "77"]
[EventDate "2024.09.26"]
[EventType "team-tourn"]
[EventCountry "SRB"]
[SourceTitle "playchess.com"]
[Source "ChessBase"]
[SourceQuality "1"]
[TimeControl "40/5400+30:1800+30"]

1. Nf3 d5 2. g3 c5 3. Bg2 Nc6 4. d4 Nf6 5. O-O e6 6. c4 dxc4 7. Qa4 Bd7 8. Qxc4 b5 9. Qc3 b4 10. Qd3 Rc8 11. dxc5 Bxc5 12. Nbd2 O-O 13. Nb3 {[%emt 0:00:56] Wards off e5} Bb6 14. Be3 Qe7 15. Bxb6 axb6 16. Rfc1 Rfd8 17. Qa6 Nd5 18. e4 Ra8 19. Qe2 Nf6 20. e5 Nd5 21. h4 Ra7 22. Rc2 (22. Qe4 {is interesting.} Rc8 23. Ng5 g6 24. Nd4) 22... Rda8 23. Rac1 Nd8 24. Ng5 {[%emt 0:10:05] Hoping for Qd3.} h6 $1 25. Ne4 Nb7 {[%emt 0:04:45] Inhibits Nd6.} 26. Nd4 Rxa2 27. Qg4 {[%emt 0:01:13][%cal Oe4f6] [#] Black must now prevent Nf6+!} Kf8 28. Nc6 Bxc6 29. Rxc6 {[%emt 0:00:05] Strongly threatening Rc8+.} Ra1 $1 ({Much worse is} 29... Rxb2 $6 30. Nd6 Nc3 31. R6xc3 (31. Rxb6 Nxd6 32. exd6 Qf6 $14) 31... bxc3 32. Bxb7 $18) 30. Qd1 Rxc1 31. Qxc1 Rd8 {[%emt 0:02:12] Prevents Nd6} 32. Kh2 Kg8 33. h5 Kf8 34. f4 Kg8 35. Bf3 Na5 36. Rd6 Nb7 {[%emt 0:00:19] Excellent horsemanship.} 37. Rc6 Na5 38. Rd6 Nb7 39. Rc6 {[%emt 0:01:12] Weighted Error Value: White=0.08 (flawless) /Black=0.08 (flawless) .  Inaccurate:     	White=3     	Black=4      OK:         	White=17    	Black=9      Best:        	---       	Black=1      Strong:       	---       	Black=2} 1/2-1/2

[Event "Serbian League 2024"]
[Site "Bajina Basta"]
[Date "2024.09.30"]
[Round "4.16"]
[White "Nestorovic, Nikola"]
[Black "Perunovic, Miodrag"]
[Result "1-0"]
[ECO "A48"]
[WhiteElo "2458"]
[BlackElo "2347"]
[Annotator "RC"]
[PlyCount "53"]
[EventDate "2024.09.26"]
[EventType "team-tourn"]
[EventCountry "SRB"]
[SourceTitle "playchess.com"]
[Source "ChessBase"]
[SourceQuality "1"]
[TimeControl "40/5400+30:1800+30"]

1. d4 Nf6 2. Nf3 g6 3. Nbd2 Bg7 4. e4 O-O 5. e5 Nh5 6. g4 Nf4 7. Ne4 Nd5 8. c4 Nb6 9. c5 Nd5 10. Qb3 c6 11. Bc4 d6 12. cxd6 Bxg4 13. Rg1 Bf5 14. dxe7 Qxe7 15. Nd6 Be6 16. Ng5 b5 17. Be2 Bd7 18. f4 f6 19. Nge4 Be6 20. f5 Bf7 21. Nxf7 Qxf7 22. fxg6 hxg6 23. Nd6 Qe7 24. Rxg6 fxe5 25. Bh6 Qh4+ 26. Qg3 Qxg3+ 27. Rxg3 1-0

[Event "Serbian League 2024"]
[Site "Bajina Basta"]
[Date "2024.09.30"]
[Round "4.17"]
[White "Radovanovic, Dusan"]
[Black "Todorovic, Goran M"]
[Result "1/2-1/2"]
[ECO "D34"]
[WhiteElo "2293"]
[BlackElo "2289"]
[Annotator "RC"]
[PlyCount "151"]
[EventDate "2024.09.26"]
[EventType "team-tourn"]
[EventCountry "SRB"]
[SourceTitle "playchess.com"]
[Source "ChessBase"]
[SourceQuality "1"]
[TimeControl "40/5400+30:1800+30"]

1. d4 d5 2. c4 e6 3. Nc3 c5 4. cxd5 exd5 5. Nf3 Nc6 6. g3 Nf6 7. Bg2 Be7 8. O-O O-O 9. Bg5 cxd4 10. Nxd4 h6 11. Be3 Re8 12. Qa4 Bd7 13. Rfd1 Na5 14. Qc2 Nc4 15. Bf4 Rc8 16. Nf5 Bb4 17. Nxd5 Ne3 18. Qxc8 Bxc8 19. Nfxe3 Nxd5 20. Nxd5 Qa5 21. a3 Be7 22. Bc7 Qa4 23. Nxe7+ Rxe7 24. Rd8+ Re8 25. b3 Qb5 26. Rad1 Kh7 27. Rxe8 Qxe8 28. e3 Bf5 29. Rd4 Qb5 30. Rd5 Qxb3 31. h3 Bxh3 32. Be4+ f5 33. Bf3 Qb1+ 34. Rd1 Qb2 35. Bf4 Bg4 36. Bxg4 fxg4 37. Rd7 Qb1+ 38. Kg2 Kg6 39. Rd4 b5 40. Bb8 a5 41. Bc7 b4 42. axb4 axb4 43. Ba5 b3 44. Rxg4+ Kf7 45. Bc3 g5 46. Rb4 Ke6 47. Rb6+ Kd5 48. Rxh6 Qe4+ 49. Kg1 Kc4 50. Bd4 Qb1+ 51. Kg2 Kd3 52. Rh1 Qc2 53. Rh6 Ke2 54. Rf6 Ke1 55. Kg1 g4 56. Rf4 b2 57. Bxb2 Qxb2 58. e4 Qa1 59. e5 Ke2+ 60. Kg2 Qxe5 61. Rxg4 Qd5+ 62. Kg1 Qd1+ 63. Kh2 Kxf2 64. Rf4+ Ke3 65. Kg2 Qd2+ 66. Kg1 Qc2 67. Kh1 Qc6+ 68. Kg1 Qd5 69. Kh2 Qd2+ 70. Kg1 Qe2 71. Kh1 Kd2 72. Rd4+ Ke3 73. Rf4 Qh5+ 74. Kg2 Qe2+ 75. Kh1 Qh5+ 76. Kg2 1/2-1/2

[Event "Serbian League 2024"]
[Site "Bajina Basta"]
[Date "2024.09.30"]
[Round "4.18"]
[White "Arsovic, Goran"]
[Black "Pavlovic, Dejan S"]
[Result "1/2-1/2"]
[ECO "D46"]
[WhiteElo "2356"]
[BlackElo "2350"]
[Annotator "RC"]
[PlyCount "69"]
[EventDate "2024.09.26"]
[EventType "team-tourn"]
[EventCountry "SRB"]
[SourceTitle "playchess.com"]
[Source "ChessBase"]
[SourceQuality "1"]
[TimeControl "40/5400+30:1800+30"]

1. d4 d5 2. Nf3 Nf6 3. c4 c6 4. e3 e6 5. Bd3 Nbd7 6. O-O Bd6 7. Nc3 O-O 8. e4 dxe4 9. Nxe4 Nxe4 10. Bxe4 h6 11. Bc2 Re8 12. Re1 b6 13. Qd3 Nf6 14. Bd2 Bb7 15. Bc3 Qe7 16. a3 Rad8 17. Rad1 Qc7 18. b4 Kf8 19. h3 Ba6 20. Bb2 Be7 21. Qc3 c5 22. Ba4 cxb4 23. axb4 Qxc4 24. Bxe8 Kxe8 25. Qxc4 Bxc4 26. Ne5 Bb5 27. Ra1 Bxb4 28. Rec1 a5 29. Rc7 Bd6 30. Rb7 Bxe5 31. dxe5 Nd5 32. Bd4 Bc6 33. Rxb6 Nxb6 34. Bxb6 Rd5 35. Rxa5 1/2-1/2

[Event "Serbian League 2024"]
[Site "Bajina Basta"]
[Date "2024.09.30"]
[Round "4.19"]
[White "Krstulovic, Alex"]
[Black "Benkovic, Petar"]
[Result "1-0"]
[ECO "D02"]
[WhiteElo "2452"]
[BlackElo "2362"]
[Annotator "RC"]
[PlyCount "125"]
[EventDate "2024.09.26"]
[EventType "team-tourn"]
[EventCountry "SRB"]
[SourceTitle "playchess.com"]
[Source "ChessBase"]
[SourceQuality "1"]
[TimeControl "40/5400+30:1800+30"]

1. d4 d5 2. Nf3 e6 3. Bf4 Bd6 4. e3 Nf6 5. Ne5 O-O 6. Nd2 c5 7. c3 b6 8. h4 Ba6 9. Bxa6 Nxa6 10. h5 Ne8 11. h6 g6 12. Ndf3 Nb8 13. Qe2 a6 14. g4 Ra7 15. g5 Rc7 16. Rd1 cxd4 17. exd4 b5 18. a3 Nc6 19. Rg1 Ne7 20. Nh4 Qc8 21. Kf1 Rb7 22. Qe3 a5 23. Ng4 Qc7 24. Be5 Bxe5 25. dxe5 Qc4+ 26. Qe2 Nc6 27. Nf3 Qxe2+ 28. Kxe2 Nc7 29. Nd4 Ne7 30. Nb3 Ra7 31. Nc5 Na6 32. Nb3 Nc7 33. Rg3 Rc8 34. Nd4 Rb7 35. Nf6+ Kh8 36. Rf3 Nf5 37. Nc6 Ra8 38. b3 Rb6 39. Nd4 Ne8 40. Nxf5 gxf5 41. c4 bxc4 42. bxc4 Rb2+ 43. Rd2 Rxd2+ 44. Kxd2 dxc4 45. Kc3 Rc8 46. Nxe8 Rxe8 47. Kxc4 Kg8 48. Kb5 Ra8 49. a4 Kf8 50. Rc3 f4 51. Rf3 Rd8 52. Kxa5 Rd5+ 53. Kb6 Rxe5 54. a5 Rxg5 55. a6 Rg1 56. Rxf4 Ra1 57. Kb5 Ke7 58. Ra4 Rb1+ 59. Ka5 Kd6 60. a7 Kc5 61. a8=Q Rb5+ 62. Ka6 Rb6+ 63. Ka7 1-0

[Event "Serbian League 2024"]
[Site "Bajina Basta"]
[Date "2024.09.30"]
[Round "4.20"]
[White "Eren, Ataberk"]
[Black "Popovic, Dusan"]
[Result "1/2-1/2"]
[ECO "E94"]
[WhiteElo "2386"]
[BlackElo "2494"]
[Annotator "TA"]
[PlyCount "43"]
[EventDate "2024.09.26"]
[EventType "team-tourn"]
[EventCountry "SRB"]
[SourceTitle "playchess.com"]
[Source "ChessBase"]
[SourceQuality "1"]
[TimeControl "40/5400+30:1800+30"]

1. d4 Nf6 2. c4 g6 3. Nc3 Bg7 4. e4 d6 5. Nf3 O-O 6. Be2 e5 7. O-O Bg4 8. d5 a5 9. h3 Bxf3 10. Bxf3 Nbd7 11. a3 {[%emt 0:01:04] White is slightly better.} Kh8 12. Be3 Ng8 13. b4 {[%emt 0:03:50] Black is weak on the light squares} Bh6 14. Bxh6 Nxh6 15. Qd2 Ng8 16. Na4 {[%emt 0:01:48] White is more active.} ({Better is} 16. Nb5 $14) 16... f5 17. bxa5 (17. Nc3 $11) 17... b6 $15 18. Bd1 Rxa5 19. exf5 $1 Rxf5 20. Nc3 Rf4 21. Qe2 Nh6 22. g3 {[%emt 0:01:53] Weighted Error Value: White=0.18 (very precise) /Black=0.10 (very precise) .  Mistake:       	White=2     	---        Inaccurate:     	White=2     	Black=2      OK:         	White=3     	Black=4      Strong:       	White=1     	---} 1/2-1/2

[Event "Serbian League 2024"]
[Site "Bajina Basta"]
[Date "2024.09.30"]
[Round "4.21"]
[White "Sedlak, Nikola"]
[Black "Ozsakallioglu, Okan"]
[Result "1/2-1/2"]
[ECO "A12"]
[WhiteElo "2401"]
[BlackElo "2349"]
[Annotator "TA"]
[PlyCount "59"]
[EventDate "2024.09.26"]
[EventType "team-tourn"]
[EventCountry "SRB"]
[SourceTitle "playchess.com"]
[Source "ChessBase"]
[SourceQuality "1"]
[TimeControl "40/5400+30:1800+30"]

1. Nf3 d5 2. g3 c6 3. Bg2 Bg4 4. O-O Nf6 5. d3 e6 6. Nbd2 Be7 7. c4 O-O 8. b3 Nbd7 9. Bb2 a5 10. a3 Qb6 11. Qc2 h6 12. Bc3 {[%emt 0:05:43] Onnauwkeurig} Rfe8 {[%emt 0:00:34] Onnauwkeurig} 13. Qb2 {[%emt 0:01:45] OK} Bf8 {[%emt 0:06:55][%cal Oe6e5] OK} 14. b4 {[%emt 0:03:38] Fout (0.5)} (14. e4 $14) {Beter is} 14... axb4 {[%emt 0:02:24] Fout (0.6)} (14... e5 $1 $11 15. cxd5 cxd5) 15. axb4 $14 Bf5 16. Rad1 {[%emt 0:08:24] Onnauwkeurig} (16. Rxa8 $5 {vereenvoudigt} Rxa8 17. c5 Qc7 18. Bxf6 Nxf6 19. Ra1) 16... Ra4 {[%emt 0:07:51][%cal Rf8b4] [#]} 17. e4 $1 Bg4 (17... Bg6 18. c5) 18. c5 {[%emt 0:04:26] OK} Qa6 {[%emt 0:05:08] is het overwegen waard. Fout (0.5)} (18... Qb5 $11) {Wit zou moeten spelen} 19. h3 {[%emt 0:04:29] Fout (0.7)} (19. Ra1 $1 $14 Bxf3 (19... Rxa1 $2 20. Rxa1 Qxd3 21. Bf1 $18) 20. Rxa4 Qxa4 21. Nxf3 (21. Bxf3 Ra8 $14)) 19... Bxf3 $11 {[%emt 0:08:38] OK} 20. Nxf3 Ra8 {[%emt 0:01:24] Onnauwkeurig} (20... Ra2 $5 21. Qb3 e5 $17) 21. e5 Ne8 {[%emt 0:00:04][%cal Bf6e8,Be8c7,Bc7b5][%mdl 32] EV=13.26. Goes to b5 (dbg)). OK} {Wit zou kunnen overwegen} 22. Rfe1 {[%emt 0:05:25] Fout (0.5)} (22. Qd2 $11) 22... Nc7 23. d4 Ra2 24. Qc1 {[%emt 0:00:56] OK} Qa4 25. Rd2 Nb5 {[%emt 0:01:48] Onnauwkeurig} 26. Rxa2 {[%emt 0:05:07] Beste (Gemakkelijk)} Qxa2 27. Bd2 {[%emt 0:01:24] Onnauwkeurig} Ra3 {[%emt 0:01:39] Onnauwkeurig} 28. Re3 {[%emt 0:01:03] OK} Nb8 {[%emt 0:03:38] Onnauwkeurig} 29. Bf1 Rxe3 30. fxe3 {[%emt 0:02:24] Blunder waarde: Wit=0.19 (erg precies) /Zwart=0.21 (precies) .  Fout:        	Wit=3      	Zwart=2      Onnauwkeurig:    	Wit=3      	Zwart=5      OK:         	Wit=4      	Zwart=3      Beste:        	Wit=1      	---} 1/2-1/2